[Event "Titled Tuesday Blitz August 31 2021"]
[White "Grafil, Franz Robert"]
[Black "Ovezdurdyyeva, Jemal"]
[WhiteFideId "5205298"]
[BlackFideId "14001888"]
[WhiteElo "2211"]
[BlackElo "1946"]
[Result "0-1"]
[Round "04"]
[TimeControl "180+1"]
[Date "2021.08.31"]
[WhiteClock "0:00:02"]
[BlackClock "0:00:18"]

1. d4 Nf6 2. c4 g6 3. g3 d5 4. Bg2 Bg7 5. cxd5 Nxd5 6. e4 Nb6 7. Ne2 c5 8. d5 e6 9. Nbc3 O-O 10. h3 Na6 11. O-O Bd7 12. b3 Re8 13. Be3 Rc8 14. Rc1 c4 15. Bd4 cxb3 16. axb3 Bxd4 17. Qxd4 Nc5 18. Rb1 exd5 19. exd5 Bf5 20. Rb2 Qd7 21. g4 Bd3 22. Rd1 Bxe2 23. Nxe2 Nxb3 24. Qf4 Nc5 25. Ng3 Red8 26. h4 Qd6 27. Qd4 Ne6 28. Qb4 Nf4 29. Bf3 Nfxd5 30. Qxd6 Rxd6 31. Bxd5 Rxd5 32. Rxd5 Nxd5 33. Rxb7 Ra8 34. Ne4 Nf4 0-1


[Site "https://www.chess.com"]

[Event "Titled Tuesday Blitz August 31 2021"]
[White "Grochal, Joey"]
[Black "Tsaruk, Maksim"]
[WhiteFideId "1019945"]
[BlackFideId "13511173"]
[WhiteElo "2265"]
[BlackElo "2184"]
[Result "0-1"]
[Round "04"]
[TimeControl "180+1"]
[Date "2021.08.31"]
[WhiteClock "0:00:35"]
[BlackClock "0:00:16"]

1. d4 Nf6 2. c4 e6 3. Nf3 d5 4. Nc3 c5 5. cxd5 Nxd5 6. e4 Nxc3 7. bxc3 cxd4 8. cxd4 Bb4+ 9. Bd2 Bxd2+ 10. Qxd2 O-O 11. Bd3 b6 12. O-O Bb7 13. Rfe1 Nd7 14. Rad1 a6 15. Qf4 b5 16. d5 Qf6 17. Qc7 Qd8 18. Qxb7 Nc5 19. Qc6 Rc8 20. Nd4 Rxc6 21. Nxc6 Qb6 22. Bc2 f6 23. Re3 e5 24. Rh3 Nb7 25. Ne7+ Kf7 26. Nf5 Nd6 27. Rxh7 Nxf5 28. exf5 Rc8 29. Bb3 Qd6 30. h4 a5 31. Rd3 a4 32. Rg3 Rc1+ 33. Kh2 Qf8 34. h5 Kg8 35. Rh6 axb3 36. axb3 Rc3 37. Rg4 Rxb3 38. Rhg6 Kh7 39. d6 Rd3 40. Rb4 Rd5 41. d7 Qxb4 0-1


[Site "https://www.chess.com"]

[Event "Titled Tuesday Blitz August 31 2021"]
[White "Hansen, Eric"]
[Black "Tanenbaum, Zachary"]
[WhiteFideId "2606771"]
[BlackFideId "2060850"]
[WhiteElo "2568"]
[BlackElo "2165"]
[Result "1-0"]
[Round "04"]
[TimeControl "180+1"]
[Date "2021.08.31"]
[WhiteClock "0:00:07"]
[BlackClock "0:00:02"]

1. e4 e5 2. Nf3 Nc6 3. Bb5 a6 4. Ba4 d6 5. c3 Nf6 6. d4 b5 7. Bb3 Be7 8. O-O O-O 9. h3 Bb7 10. Re1 Nb8 11. dxe5 dxe5 12. Qxd8 Bxd8 13. Nxe5 Nxe4 14. Be3 Bf6 15. Ng4 Be7 16. Nd2 Nxd2 17. Bxd2 Bd6 18. Ne5 Nc6 19. Bf4 Nxe5 20. Bxe5 Bxe5 21. Rxe5 Rfe8 22. Rae1 Kf8 23. Kf1 Rxe5 24. Rxe5 Re8 25. Rc5 Re7 26. a4 Be4 27. Kg1 Bd3 28. a5 Ke8 29. Rc6 Be4 30. Rxa6 Kd7 31. c4 Bb7 32. Ra7 Kc8 33. cxb5 Kb8 34. b6 cxb6 35. axb6 Re1+ 36. Kh2 Re2 37. Kg3 f5 38. f3 Rxb2 39. Ra3 g5 40. h4 f4+ 41. Kh3 Bc8+ 42. Kh2 g4 43. fxg4 f3 44. Bd5 Rxg2+ 45. Kh1 Bb7 46. Bxb7 Kxb7 47. Rxf3 Rxg4 48. Rf7+ Kxb6 49. Rxh7 Kc6 50. Kh2 Kd6 51. Kh3 Rg1 52. Rf7 Ke6 53. Rf2 Ke7 54. h5 Ke6 55. Kh4 Ke7 56. h6 Ke6 57. Kh5 Ke7 58. h7 Rh1+ 59. Kg6 Rg1+ 60. Kf5 Rh1 61. Ra2 Kf7 62. Ra7+ Kf8 63. Ke5 Rh2 64. Ke6 Rh1 65. Rf7+ Ke8 66. Rg7 Rh6+ 67. Kd5 Rh5+ 68. Kd4 Rh4+ 69. Ke3 Rh3+ 70. Kf2 Rg3 71. Kxg3 1-0


[Site "https://www.chess.com"]

[Event "Titled Tuesday Blitz August 31 2021"]
[White "Hansen, Sune Berg"]
[Black "Ibrahimli, Murad"]
[WhiteFideId "1400266"]
[BlackFideId "13410229"]
[WhiteElo "2710"]
[BlackElo "2109"]
[Result "1-0"]
[Round "04"]
[TimeControl "180+1"]
[Date "2021.08.31"]
[WhiteClock "0:00:16"]
[BlackClock "0:00:03"]

1. e4 e5 2. Nf3 Nc6 3. Bc4 Bc5 4. c3 Nf6 5. d3 d6 6. O-O O-O 7. Re1 a6 8. a4 h6 9. Nbd2 Ba7 10. Nf1 Ne7 11. Ng3 Ng6 12. d4 Bg4 13. Be3 Nh5 14. h3 Nxg3 15. hxg4 Nxe4 16. dxe5 Bxe3 17. Rxe3 Ng5 18. exd6 cxd6 19. Bd5 Nf4 20. Qd4 Nge6 21. Bxe6 fxe6 22. g3 e5 23. Qc4+ d5 24. Qf1 d4 25. Rxe5 Ng6 26. Rf5 dxc3 27. Qc4+ Kh8 28. Qxc3 Rc8 29. Qe3 Qd7 30. Qe4 Rce8 31. Rxf8+ Nxf8 32. Ne5 Qe6 33. Re1 Kg8 34. f4 Qf6 35. Qd5+ Kh7 36. Qd3+ Kg8 37. Qc4+ Kh7 38. Qc2+ Kg8 39. Qb3+ Kh7 40. Qxb7 Ne6 41. Qe4+ Kg8 42. Nf3 Qxb2 43. Qc4 Qb6+ 44. Kg2 Kf8 45. Re4 Nc5 46. Rxe8+ Kxe8 47. Ne5 Qb2+ 48. Kh3 Qb1 49. Qf7+ Kd8 50. Qf8+ Kc7 51. Qxc5+ Kd8 52. Qd5+ Kc7 53. Qc6+ Kd8 1-0


[Site "https://www.chess.com"]

[Event "Titled Tuesday Blitz August 31 2021"]
[White "Harutjunyan, Gevorg"]
[Black "Siniauski, Artsiom"]
[WhiteFideId "13300873"]
[BlackFideId "13512269"]
[WhiteElo "2498"]
[BlackElo "2210"]
[Result "1-0"]
[Round "04"]
[TimeControl "180+1"]
[Date "2021.08.31"]
[WhiteClock "0:00:04"]
[BlackClock "0:00:11"]

1. e4 e6 2. d4 d5 3. Nc3 Nf6 4. Bg5 Bb4 5. e5 h6 6. Be3 Ne4 7. Qg4 Kf8 8. a3 Bxc3+ 9. bxc3 c5 10. Bd3 Nxc3 11. dxc5 Qa5 12. Qb4 Qxb4 13. axb4 Bd7 14. Nf3 a6 15. Nd4 Nc6 16. Nxc6 Bxc6 17. f3 Ke7 18. Kd2 Nb5 19. c3 Rhd8 20. Bd4 Nc7 21. g4 Bb5 22. Bc2 Bc4 23. f4 h5 24. h3 Rh8 25. f5 a5 26. f6+ gxf6 27. exf6+ Kd7 28. g5 h4 29. Be5 Rhg8 30. g6 fxg6 31. f7 Rgf8 32. Bxg6 d4 33. Rxa5 Rxa5 34. bxa5 Bd5 35. Rg1 dxc3+ 36. Kxc3 Nb5+ 37. Kb4 Na7 38. Bd6 Nc6+ 39. Kc3 Ne7 40. Bh5 e5 41. Rg7 Ke6 42. Rg5 Kf6 43. Rxe5 Bxf7 44. Bxf7 Rxf7 45. Rxe7 Rxe7 46. Bxe7+ Kxe7 47. c6 Kd6 48. cxb7 Kc7 49. a6 Kb8 50. Kd4 Ka7 51. Kc5 Kb8 52. Kc6 Ka7 53. Kc7 Kxa6 54. b8=Q Ka5 55. Qb3 Ka6 56. Qa4# 1-0


[Site "https://www.chess.com"]

[Event "Titled Tuesday Blitz August 31 2021"]
[White "Holt, Conrad"]
[Black "Willychess95"]
[WhiteFideId "2034387"]
[WhiteElo "2586"]
[BlackElo "2549"]
[Result "1-0"]
[Round "04"]
[TimeControl "180+1"]
[Date "2021.08.31"]
[WhiteClock "0:00:30"]
[BlackClock "0:00:23"]

1. d4 Nf6 2. c4 e6 3. Nc3 Bb4 4. Qc2 d5 5. cxd5 exd5 6. Bg5 h6 7. Bxf6 Qxf6 8. a3 Bxc3+ 9. Qxc3 c6 10. e3 O-O 11. Ne2 Qe7 12. Ng3 Nd7 13. Bd3 Nf6 14. O-O h5 15. b4 h4 16. Nf5 Bxf5 17. Bxf5 g6 18. Bd3 Ne4 19. Qc2 Nd6 20. a4 Rac8 21. Rfe1 Rfe8 22. Rac1 Kg7 23. Qb2 f5 24. b5 f4 25. Qb4 f3 26. gxf3 Rf8 27. Kh1 Rxf3 28. Rg1 Rf6 29. Rg4 Qe6 30. Rcg1 Nf5 31. bxc6 bxc6 32. Qb7+ Kh6 33. Bxf5 Rxf5 34. Rxg6+ 1-0


[Site "https://www.chess.com"]

[Event "Titled Tuesday Blitz August 31 2021"]
[White "Hryshchenko, Kamila"]
[Black "Rodriguez Hernandez, Luis Daniel"]
[WhiteFideId "14147491"]
[BlackFideId "3506770"]
[WhiteElo "1936"]
[BlackElo "2133"]
[Result "1/2-1/2"]
[Round "04"]
[TimeControl "180+1"]
[Date "2021.08.31"]
[WhiteClock "0:00:08"]
[BlackClock "0:00:19"]

1. e4 e5 2. Nf3 Nc6 3. Bb5 a6 4. Ba4 Nf6 5. d4 Nxd4 6. Nxd4 exd4 7. e5 Ne4 8. Qxd4 Nc5 9. Bb3 d6 10. O-O Nxb3 11. axb3 Be6 12. Bf4 c5 13. Qe3 d5 14. Qg3 h6 15. Nd2 g5 16. Be3 d4 17. Ne4 dxe3 18. Nf6+ Ke7 19. Qxe3 Qd4 20. Qf3 Qxe5 21. Rfe1 Qb8 22. Nd5+ Ke8 23. Qf6 Rh7 24. Rad1 Bd6 25. Rxe6+ fxe6 26. Qxe6+ Kf8 27. Qf6+ Kg8 28. Qg6+ Rg7 29. Qe6+ Kf8 30. Qf6+ Kg8 31. Qe6+ Rf7 32. Qg6+ Rg7 33. Nf6+ Kf8 34. Qxh6 Qc7 35. Rxd6 Kf7 36. Ne4 Ke7 37. Qf6+ Ke8 38. Re6+ Re7 39. Nd6+ Kd8 40. Qf8+ Kd7 41. Qxe7+ Kc6 42. Qxc7+ Kxc7 43. Ne4 Kd7 44. Rg6 Rd8 45. f3 Kc7 46. Kf2 b6 47. Rxg5 Rd1 48. h4 Rc1 49. h5 Rxc2+ 50. Kg3 Rc1 51. Kh2 Rd1 52. h6 Rd8 53. h7 Rh8 54. Rh5 Kd7 55. g4 Ke6 56. Kg3 Kf7 57. g5 Kg6 58. Rh6+ Kg7 59. Nf6 a5 60. Rh1 b5 61. Kg4 Kg6 62. f4 a4 63. f5+ Kg7 64. bxa4 bxa4 65. Ra1 Rb8 66. Rxa4 Kh8 67. Ra7 c4 68. Ra5 Rc8 69. g6 Kg7 70. Nh5+ Kh6 71. Ng3 c3 72. bxc3 Rc4+ 73. Kf3 Rxc3+ 74. Kg2 Rc8 75. Kh3 Kg7 76. f6+ Kh6 77. g7 Kxh7 78. f7 Kxg7 79. Ra7 Rh8+ 80. Kg4 Rf8 81. Kf4 Kf6 82. Ke4 Rxf7 83. Nh5+ Kg6 84. Ra6+ Kxh5 85. Re6 Kg5 86. Re5+ Kg4 87. Rd5 Rf4+ 88. Ke5 Ra4 89. Kd6 Ra6+ 90. Kc5 Kf4 91. Kd4 Ra2 92. Kc5 Ke4 93. Rd4+ Ke5 94. Rd5+ Ke6 95. Rd6+ Ke7 96. Rd1 Rc2+ 97. Kb4 Rc8 98. Kb3 Rb8+ 99. Kc4 Ke6 100. Kc3 Ke5 101. Re1+ Kd5 102. Rd1+ Kc5 103. Rh1 Rc8 104. Rh5+ Kd6+ 105. Kd2 Rg8 106. Ke2 Ke6 107. Ke3 Rb8 108. Kd3 Rb3+ 109. Kd4 Rg3 110. Ke4 Rg4+ 111. Kf3 Ra4 112. Ke3 Kf6 113. Rb5 Ra3+ 114. Ke4 Ke6 115. Kd4 Kd6 116. Ke4 Ra1 117. Kf4 Kc6 118. Rh5 Rf1+ 119. Ke4 Kd6 120. Kd4 Rf4+ 121. Ke3 Ra4 122. Kd3 Ke6 123. Ke3 Kf6 124. Kf3 Kg6 125. Rb5 Ra6 126. Ke3 Re6+ 127. Kf3 Kf6 128. Kf4 Rc6 129. Ra5 Rb6 130. Ke4 Rb4+ 131. Kf3 Ke7 132. Ke3 Kd6 133. Kd3 Rb3+ 134. Kc4 Rg3 1/2-1/2


[Site "https://www.chess.com"]

[Event "Titled Tuesday Blitz August 31 2021"]
[White "Indjic, Aleksandar"]
[Black "Wong, Yinn Long"]
[WhiteFideId "911925"]
[BlackFideId "5707684"]
[WhiteElo "2643"]
[BlackElo "2016"]
[Result "1-0"]
[Round "04"]
[TimeControl "180+1"]
[Date "2021.08.31"]
[WhiteClock "0:01:15"]
[BlackClock "0:00:06"]

1. c4 c5 2. g3 g6 3. Bg2 Bg7 4. Nc3 Nc6 5. d3 d6 6. Qd2 f5 7. b3 Nf6 8. Bb2 O-O 9. h4 e5 10. e3 Be6 11. Nd5 Bxd5 12. cxd5 Ne7 13. e4 f4 14. Bh3 fxg3 15. fxg3 Nh5 16. Ne2 Kh8 17. O-O-O b5 18. Rdf1 c4 19. Kb1 a5 20. g4 Nf4 21. Nxf4 Rxf4 22. Rxf4 exf4 23. Bxg7+ Kxg7 24. Qb2+ Kf7 25. g5 Qf8 26. Be6+ Ke8 27. bxc4 Rb8 28. cxb5 f3 29. b6 Qf4 30. Rf1 a4 31. a3 Rb7 32. Ka2 Rb8 33. Qh8+ Qf8 34. Qxf8+ Kxf8 35. Rxf3+ Ke8 36. Rf7 Rxb6 37. Rxh7 Kd8 38. Rh8+ Kc7 39. Re8 1-0


[Site "https://www.chess.com"]

[Event "Titled Tuesday Blitz August 31 2021"]
[White "Isajevsky, Anton"]
[Black "Quispe Arteaga, Gabriel"]
[WhiteFideId "4142500"]
[BlackFideId "32059809"]
[WhiteElo "2510"]
[BlackElo "2172"]
[Result "0-1"]
[Round "04"]
[TimeControl "180+1"]
[Date "2021.08.31"]
[WhiteClock "0:00:12"]
[BlackClock "0:01:17"]

1. c4 e5 2. g3 g6 3. Bg2 Bg7 4. Nc3 Ne7 5. Nf3 O-O 6. O-O c5 7. d3 Nbc6 8. Bg5 f6 9. Bd2 d6 10. Ne1 Be6 11. Nc2 Kh8 12. Ne3 a6 13. Rb1 Rb8 14. Ned5 b5 15. Nxe7 Nxe7 16. cxb5 axb5 17. b4 c4 18. dxc4 bxc4 19. Be3 d5 20. Bc5 d4 21. Ne4 f5 22. Nd6 Rg8 23. e3 Nc8 24. Nxc8 Rxc8 25. exd4 exd4 26. Re1 Re8 27. Rc1 d3 28. Qd2 Bg8 29. a4 Rxe1+ 30. Rxe1 c3 31. Qe3 d2 0-1


[Site "https://www.chess.com"]

[Event "Titled Tuesday Blitz August 31 2021"]
[White "Jarovinsky, Alexey"]
[Black "Piesik, Piotr"]
[WhiteFideId "14115131"]
[BlackFideId "1136194"]
[WhiteElo "2446"]
[BlackElo "2395"]
[Result "1-0"]
[Round "04"]
[TimeControl "180+1"]
[Date "2021.08.31"]
[WhiteClock "0:00:03"]
[BlackClock "0:00:04"]

1. Nc3 g6 2. h4 h5 3. d4 Bg7 4. e4 c6 5. Be3 d5 6. f3 dxe4 7. fxe4 Nf6 8. Nf3 Ng4 9. Bf4 e5 10. Nxe5 Nxe5 11. dxe5 Qxd1+ 12. Rxd1 Be6 13. Ne2 Nd7 14. Nd4 Bg4 15. Nf3 O-O 16. Bc4 Rae8 17. e6 Bxe6 18. Bxe6 Rxe6 19. Ng5 Nc5 20. Nxe6 Nxe6 21. Bd6 Re8 22. c3 Nd8 23. Kf2 Rxe4 24. Rhe1 Rxe1 25. Kxe1 Bf6 26. g3 Ne6 27. Bb8 a6 28. Rd7 Nc5 29. Rc7 Kg7 30. Kd1 Be5 31. Rc8 Bf6 32. Bf4 Ne6 33. Bd6 g5 34. hxg5 Nxg5 35. Rb8 Ne4 36. Bc7 b5 37. Rb6 c5 38. Rxa6 b4 39. cxb4 cxb4 40. Kc2 Nc5 41. Rc6 Ne6 42. Bb6 Be5 43. Bf2 Bxg3 44. Rxe6 Bxf2 45. Re2 Bg3 46. Kb3 h4 47. Rg2 f5 48. Kc2 f4 49. Kd3 h3 50. Rg1 h2 51. Rh1 Kf6 52. Ke4 Kg5 53. Kf3 Kf5 54. a4 bxa3 55. bxa3 Ke5 56. Rd1 Bh4 57. a4 Be7 58. Rh1 Kd5 59. Rxh2 Bd6 60. Rc2 Ke6 61. a5 Kd7 62. a6 Bb8 63. Ke4 Kd8 64. Rc4 Kd7 65. Rc5 Kd8 66. Rc6 Kd7 67. Rb6 Kc8 68. Rb7 Bc7 69. Kf3 Bb8 70. Rf7 Bd6 71. a7 1-0


[Site "https://www.chess.com"]

[Event "Titled Tuesday Blitz August 31 2021"]
[White "Javakhadze, Zurab"]
[Black "Vivas Zamora, Fabian Ernesto"]
[WhiteFideId "13603647"]
[BlackFideId "3902480"]
[WhiteElo "2381"]
[BlackElo "1966"]
[Result "1-0"]
[Round "04"]
[TimeControl "180+1"]
[Date "2021.08.31"]
[WhiteClock "0:00:40"]
[BlackClock "0:00:01"]

1. Nf3 Nf6 2. d4 g6 3. c4 Bg7 4. Nc3 d5 5. h4 dxc4 6. e4 c5 7. d5 b5 8. h5 O-O 9. hxg6 fxg6 10. e5 Ng4 11. d6 Bb7 12. Bg5 Nc6 13. Qd4 Ngxe5 14. Qd5+ Kh8 15. dxe7 Nxe7 16. Qxb7 Nxf3+ 17. gxf3 Qa5 18. Rc1 Nf5 19. Be2 Rae8 20. Kf1 Nd4 21. Bh6 Bxh6 22. Rxh6 1-0


[Site "https://www.chess.com"]

[Event "Titled Tuesday Blitz August 31 2021"]
[White "Kamsky, Gata"]
[Black "Maiorov, Nikita"]
[WhiteFideId "2000024"]
[BlackFideId "13501720"]
[WhiteElo "2644"]
[BlackElo "2440"]
[Result "1-0"]
[Round "04"]
[TimeControl "180+1"]
[Date "2021.08.31"]
[WhiteClock "0:00:42"]
[BlackClock "0:00:01"]

1. e4 e5 2. Nf3 Nc6 3. Bb5 a6 4. Ba4 Nf6 5. O-O Be7 6. Re1 b5 7. Bb3 d6 8. c3 O-O 9. d4 Bg4 10. d5 Na5 11. Bc2 c6 12. h3 Bxf3 13. Qxf3 cxd5 14. exd5 Nc4 15. Nd2 Nb6 16. Nf1 Qc7 17. Ne3 g6 18. a4 Rfc8 19. axb5 axb5 20. Rxa8 Rxa8 21. Bd3 Nc4 22. Nc2 Nh5 23. Nb4 Ra1 24. Rf1 Bf8 25. Nc6 Ng7 26. g4 h5 27. b4 Qd7 28. Bxc4 bxc4 29. Bg5 hxg4 30. Qxg4 f5 31. Qxc4 Ra3 32. Nd8 f4 33. Ne6 Qf7 34. Qc8 Qf5 35. Bh6 f3 36. Qxf8+ Qxf8 37. Nxf8 Kxf8 38. Rb1 Rxc3 39. b5 Rc7 40. b6 Rb7 41. Kh2 Kf7 42. Bxg7 Kxg7 43. Kg3 Kf6 44. Kxf3 Kf5 45. Ke3 g5 46. f3 Kf6 47. Rb4 Kf5 48. Kd3 Kf6 49. Kc4 Kf5 50. Kb5 1-0


[Site "https://www.chess.com"]

[Event "Titled Tuesday Blitz August 31 2021"]
[White "Karas, Marek"]
[Black "Harshavardhan G B"]
[WhiteFideId "14928558"]
[BlackFideId "25059009"]
[WhiteElo "2264"]
[BlackElo "1825"]
[Result "0-1"]
[Round "04"]
[TimeControl "180+1"]
[Date "2021.08.31"]
[WhiteClock "0:00:13"]
[BlackClock "0:00:45"]

1. Nf3 Nc6 2. e4 e5 3. Bb5 Nf6 4. O-O Nxe4 5. Re1 Nd6 6. Nxe5 Be7 7. d4 Nxe5 8. Rxe5 O-O 9. Bf1 Bf6 10. Re1 Nf5 11. c3 d5 12. Bf4 Nd6 13. Nd2 c6 14. Qf3 Be6 15. Bd3 Qd7 16. Re2 Bg4 17. Qg3 Bxe2 18. Bxe2 Rfe8 19. Bd3 Ne4 20. Nxe4 dxe4 21. Bc4 Rad8 22. Re1 b5 23. Bb3 b4 24. h3 bxc3 25. bxc3 Qf5 26. Be3 c5 27. Rd1 cxd4 28. cxd4 Be7 29. d5 Bd6 30. Qh4 Qe5 31. g3 Qf5 32. Bxa7 g5 33. Qg4 Qxg4 34. hxg4 Kg7 35. Be3 h6 36. Kg2 Rc8 37. Rd2 Red8 38. Bd4+ f6 39. Re2 Re8 40. Ba4 Re7 41. Bc6 Rb8 42. a3 Bxa3 43. Ra2 Bd6 44. Re2 Rb4 45. Be3 Rb3 46. Ra2 Ra3 47. Rb2 Kg6 48. Rc2 h5 49. gxh5+ Kxh5 50. Rb2 f5 51. Bd4 f4 52. gxf4 gxf4 53. Bb5 f3+ 54. Kh3 Ra1 0-1


[Site "https://www.chess.com"]

[Event "Titled Tuesday Blitz August 31 2021"]
[White "Karttunen, Mika"]
[Black "Dudzinski, Pawel"]
[WhiteFideId "502081"]
[BlackFideId "1117890"]
[WhiteElo "2343"]
[BlackElo "2193"]
[Result "1-0"]
[Round "04"]
[TimeControl "180+1"]
[Date "2021.08.31"]
[WhiteClock "0:00:03"]
[BlackClock "0:00:05"]

1. e4 c6 2. d4 d5 3. e5 c5 4. dxc5 Nc6 5. Nf3 Bg4 6. Bb5 e6 7. b4 a5 8. c3 Qc7 9. Bf4 g6 10. Nbd2 Bg7 11. h3 Bxf3 12. Nxf3 Ne7 13. O-O O-O 14. a3 Nxe5 15. Re1 Nxf3+ 16. Qxf3 e5 17. Bg5 f6 18. Bd2 Rfd8 19. Kh1 b6 20. cxb6 Qxb6 21. a4 axb4 22. cxb4 e4 23. Qe2 f5 24. Rac1 d4 25. Qd1 Kh8 26. Qb3 Nd5 27. Bc4 Nc3 28. a5 Qd6 29. a6 Rdb8 30. b5 Rxa6 31. Rxc3 dxc3 32. Bxc3 Rab6 33. Bxg7+ Kxg7 34. Rd1 Qe7 35. Qc3+ Qf6 36. Rd7+ Kh8 37. Qe3 Rf8 38. g3 f4 39. gxf4 g5 40. Qxe4 gxf4 41. Qxh7# 1-0


[Site "https://www.chess.com"]

[Event "Titled Tuesday Blitz August 31 2021"]
[White "Khanin, Semen"]
[Black "Zubov, Alexander"]
[WhiteFideId "4111990"]
[BlackFideId "14109409"]
[WhiteElo "2521"]
[BlackElo "2740"]
[Result "1-0"]
[Round "04"]
[TimeControl "180+1"]
[Date "2021.08.31"]
[WhiteClock "0:00:35"]
[BlackClock "0:00:14"]

1. e4 e5 2. Nf3 Nc6 3. Bb5 a6 4. Ba4 Nf6 5. O-O Be7 6. Bxc6 dxc6 7. Re1 Nd7 8. c3 O-O 9. d4 Bd6 10. Nbd2 b5 11. h3 Re8 12. a4 Bb7 13. Qc2 c5 14. d5 c4 15. b3 cxb3 16. Nxb3 Rb8 17. c4 bxc4 18. Qxc4 c6 19. dxc6 Rc8 20. Ng5 Rf8 21. Ne6 Qe7 22. Bg5 Nf6 23. Nxf8 Rxc6 24. Qd3 Qxf8 25. Na5 Rc7 26. Nxb7 Rxb7 27. Rab1 Bb4 28. Bxf6 gxf6 29. Qxa6 Rb8 30. Red1 Kg7 31. Rd3 Bc5 32. Rg3+ 1-0


[Site "https://www.chess.com"]

[Event "Titled Tuesday Blitz August 31 2021"]
[White "Khusnutdinov, Rustam"]
[Black "Kavyev, Ruslan"]
[WhiteFideId "13701703"]
[BlackFideId "34110981"]
[WhiteElo "2571"]
[BlackElo "2172"]
[Result "0-1"]
[Round "04"]
[TimeControl "180+1"]
[Date "2021.08.31"]
[WhiteClock "0:00:13"]
[BlackClock "0:00:06"]

1. d4 Nf6 2. c4 g6 3. Nc3 Bg7 4. e4 d6 5. Nge2 O-O 6. Ng3 c5 7. d5 e6 8. Be2 exd5 9. cxd5 Re8 10. O-O a6 11. a4 Nbd7 12. h3 Rb8 13. Bg5 h6 14. Bf4 Ne5 15. Qd2 Kh7 16. Be3 b5 17. axb5 axb5 18. Bxb5 Bd7 19. Be2 Rb4 20. Ra6 Qb8 21. b3 Rxb3 22. f4 Rb2 23. Qe1 Neg4 24. hxg4 Bxg4 25. Bd3 Qb4 26. e5 dxe5 27. f5 e4 28. fxg6+ fxg6 29. Ra4 exd3 30. Rxb4 cxb4 31. Nd1 Bxd1 32. Qxd1 Nxd5 33. Qc1 Rc2 34. Qd1 Nxe3 35. Qxd3 Rc3 36. Qd7 Nxf1 37. Nxf1 Re1 38. Qd2 Rcc1 39. Kh2 Rxf1 40. Qxb4 Rfd1 41. Qe4 Rd4 42. Qe7 Rcc4 43. Qe6 Rh4+ 44. Kg3 Rcg4+ 45. Kf3 Rg5 0-1


[Site "https://www.chess.com"]

[Event "Titled Tuesday Blitz August 31 2021"]
[White "King, Alexander"]
[Black "Chos, Alexey"]
[WhiteFideId "2063620"]
[BlackFideId "14117762"]
[WhiteElo "2306"]
[BlackElo "2234"]
[Result "0-1"]
[Round "04"]
[TimeControl "180+1"]
[Date "2021.08.31"]
[WhiteClock "0:00:01"]
[BlackClock "0:00:09"]

1. d4 Nf6 2. c4 g6 3. Nc3 Bg7 4. e4 d6 5. Nge2 O-O 6. f3 b6 7. Be3 Bb7 8. Qd2 Nbd7 9. h4 h5 10. Bh6 e5 11. d5 Ne8 12. g4 Ndf6 13. Bg5 hxg4 14. fxg4 Qd7 15. h5 Qxg4 16. hxg6 fxg6 17. Bh3 Qf3 18. Be6+ Rf7 19. Rf1 Qh5 20. O-O-O Bc8 21. Bxf7+ Kxf7 22. Rh1 Qg4 23. Rdf1 Kg8 24. Qe3 Nh5 25. Rhg1 Qd7 26. Bh6 Kh7 27. Bxg7 Nexg7 28. Qg5 Qe8 29. Ng3 Nf4 30. Rh1+ Kg8 31. Qh6 Qf8 32. Nge2 Ngh5 33. Qxf8+ Kxf8 34. Rhg1 Kg7 35. Kd2 Bd7 36. b3 Rf8 37. Nd1 Kh6 38. Ne3 g5 39. Ng3 Nxg3 40. Rxg3 b5 41. Rfg1 Rg8 42. Rh1+ Nh5 43. Rgg1 g4 44. cxb5 Kg5 45. a4 Rf8 46. Rg2 Nf4 47. Rf2 g3 48. Rg1 Kh4 49. Ng2+ Kh3 50. Ne3 gxf2 51. Rg7 Bc8 52. Rxc7 Ng2 53. Rh7+ Kg3 54. Rg7+ Kf3 55. Rxa7 Nxe3 56. Rc7 f1=Q 0-1


[Site "https://www.chess.com"]

[Event "Titled Tuesday Blitz August 31 2021"]
[White "Kollars, Dmitrij"]
[Black "Sipila, Vilka"]
[WhiteFideId "12909572"]
[BlackFideId "505455"]
[WhiteElo "2576"]
[BlackElo "2334"]
[Result "1-0"]
[Round "04"]
[TimeControl "180+1"]
[Date "2021.08.31"]
[WhiteClock "0:00:16"]
[BlackClock "0:00:13"]

1. e4 e5 2. Nf3 Nf6 3. Nc3 Nc6 4. d4 exd4 5. Nxd4 Bb4 6. Nxc6 bxc6 7. Bd3 d5 8. Bd2 O-O 9. O-O Re8 10. Nxd5 Nxd5 11. exd5 Bxd2 12. Qxd2 cxd5 13. b4 Qd6 14. Rfd1 a5 15. bxa5 Qc5 16. a4 Qxa5 17. Qf4 Ba6 18. Bf5 Rad8 19. h4 Qc3 20. a5 g6 21. Bd3 Ra8 22. Qa4 Bxd3 23. Rxd3 Re1+ 24. Rxe1 Qxe1+ 25. Kh2 Rxa5 26. Qf4 Qe4 27. Qxc7 Ra2 28. g3 Qe2 29. Qc8+ Kg7 30. Qc3+ f6 31. Rd2 Qe4 32. Qc7+ Kh6 33. Qc8 Ra1 34. f3 Qxf3 35. Rg2 Qd1 36. Qf8+ Kh5 37. g4+ Qxg4 38. Rxg4 Kxg4 39. Qxf6 h6 40. Qxa1 Kxh4 41. Qd4+ Kh5 42. Qxd5+ g5 43. c4 Kh4 44. c5 h5 45. c6 g4 46. c7 g3+ 47. Kg2 Kg4 48. c8=Q+ Kh4 49. Qcd8+ Kg4 50. Q8g5# 1-0


[Site "https://www.chess.com"]

[Event "Titled Tuesday Blitz August 31 2021"]
[White "Kovalev, Vladislav"]
[Black "Farahat, Ali"]
[WhiteFideId "13504398"]
[BlackFideId "10600507"]
[WhiteElo "2573"]
[BlackElo "2321"]
[Result "1-0"]
[Round "04"]
[TimeControl "180+1"]
[Date "2021.08.31"]
[WhiteClock "0:00:07"]
[BlackClock "0:00:33"]

1. e4 e5 2. Nf3 Nc6 3. Bb5 a6 4. Ba4 Nf6 5. O-O Be7 6. d3 b5 7. Bb3 d6 8. a3 O-O 9. Nc3 Bg4 10. Be3 Nd4 11. Bxd4 exd4 12. Nd5 Nxd5 13. Bxd5 Rc8 14. Bc6 Bf6 15. a4 b4 16. Bb7 Rb8 17. Bxa6 d5 18. exd5 Qxd5 19. Bc4 Qa5 20. h3 Bh5 21. g4 Bg6 22. Nd2 Rfe8 23. Qf3 h5 24. Ne4 Bh4 25. Rfe1 Re5 26. Ng3 hxg4 27. hxg4 Rbe8 28. Rxe5 Qxe5 29. a5 Qc5 30. a6 Qa7 31. Qb7 Ra8 32. Bd5 Qxb7 33. axb7 Rxa1+ 34. Kg2 1-0


[Site "https://www.chess.com"]

[Event "Titled Tuesday Blitz August 31 2021"]
[White "Krasilnikov, Evgeni"]
[Black "Dobrov, Vladimir"]
[WhiteFideId "4139739"]
[BlackFideId "4136594"]
[WhiteElo "2295"]
[BlackElo "2614"]
[Result "0-1"]
[Round "04"]
[TimeControl "180+1"]
[Date "2021.08.31"]
[WhiteClock "0:00:12"]
[BlackClock "0:00:24"]

1. e4 c5 2. c3 d5 3. exd5 Qxd5 4. d4 Nf6 5. Nf3 e6 6. Na3 Nc6 7. Nb5 Qd8 8. dxc5 Bxc5 9. Qxd8+ Kxd8 10. Bf4 Ne4 11. Nbd4 Nxd4 12. Nxd4 Ke7 13. Be3 e5 14. Nc2 Rd8 15. f3 Bxe3 16. Nxe3 Nc5 17. Bc4 Nd3+ 18. Bxd3 Rxd3 19. Ke2 Rd8 20. Rad1 Be6 21. c4 Rd4 22. b3 Rad8 23. Nc2 Rxd1 24. Rxd1 Rxd1 25. Kxd1 f5 26. Kd2 g5 27. Kc3 h5 28. b4 f4 29. a4 h4 30. h3 e4 31. Nd4 e3 32. Nxe6 Kxe6 33. Kd3 b6 34. Ke2 Kd6 35. Kd3 a5 36. bxa5 bxa5 37. Ke2 Kc5 38. Kd3 Kb4 39. Ke2 Kxc4 40. Ke1 Kb4 41. Ke2 Kxa4 0-1


[Site "https://www.chess.com"]

[Event "Titled Tuesday Blitz August 31 2021"]
[White "Krivonosov, Oleg"]
[Black "Martin Duque, Jesus"]
[WhiteFideId "11600349"]
[BlackFideId "2208954"]
[WhiteElo "2469"]
[BlackElo "2224"]
[Result "0-1"]
[Round "04"]
[TimeControl "180+1"]
[Date "2021.08.31"]
[WhiteClock "0:00:01"]
[BlackClock "0:00:20"]

1. Nf3 Nf6 2. c4 b6 3. g3 Bb7 4. Bg2 c5 5. O-O g6 6. b3 Bg7 7. Bb2 O-O 8. Nc3 e6 9. d4 Qe7 10. e3 d5 11. cxd5 exd5 12. dxc5 bxc5 13. Na4 Na6 14. Rc1 Rfd8 15. Ba3 Ne4 16. Nd2 d4 17. Nxe4 Bxe4 18. Bxe4 Qxe4 19. Qc2 Qf3 20. exd4 Bxd4 21. Nxc5 Rac8 22. Nxa6 Rxc2 23. Rxc2 Bb6 24. Nc5 Rd1 25. Rc1 Rxf1+ 26. Rxf1 Qe2 27. Bb4 a5 28. Na4 axb4 29. Nxb6 Qxa2 30. Nd5 Qxb3 31. Nxb4 Qxb4 32. h4 h5 33. Rd1 Kg7 34. Kg2 Kf6 35. Kg1 Qb7 36. Rd4 Ke5 37. Rf4 f6 38. Ra4 Qb1+ 39. Kg2 Qb7+ 40. Kg1 Qb6 41. Rf4 g5 42. hxg5 fxg5 43. Rf8 h4 44. Re8+ Kf5 45. Rf8+ Kg4 46. gxh4 Qb1+ 47. Kg2 gxh4 48. Rg8+ Kh5 49. Rh8+ Kg5 50. Rg8+ Kf4 51. Rf8+ Ke5 52. Re8+ Kf6 53. Re3 Qb7+ 54. Kh2 Kg5 55. Kg1 Kg4 56. Kh2 Qc7+ 57. Kg2 Qf4 58. Kg1 Kf5 59. Kg2 Qc4 60. Rf3+ Kg4 61. Re3 Qc8 62. Kg1 h3 63. Rg3+ Kh4 64. Kh2 Qf5 65. Kg1 Qf4 66. Re3 h2+ 67. Kg2 h1=Q+ 68. Kxh1 Qxf2 0-1


[Site "https://www.chess.com"]